 Dungeon Crawl Stone Soup version 0.32-a0-747-gc8563f6773 (webtiles) character file.

Game seed: 15600486106118956568

5 Dordric the Grasshopper (level 1, -2/16 HPs)
             Began as a Coglin Warper on Mar 17, 2024.
             Slain by a gnoll
             ... wielding a +0 whip
              (7 damage)
             ... on level 1 of the Dungeon.
             The game lasted 00:00:17 (429 turns).

Dordric the Grasshopper (Coglin Warper)              Turns: 429, Time: 00:00:17

Health: -2/16      AC:  3    Str: 11    XL:     1   Next: 80%
Magic:  3/3        EV: 10    Int: 12    God:
Gold:   20         SH:  0    Dex: 13    Spells: 3/3 levels left

rFire   . . .        a - +0 falchion {Salvador}
rCold   . . .        e - +0 dagger {Vikramjeet}
rNeg    . . .        b - +0 leather armour
rPois   .            (no helmet)
rElec   .            (no cloak)
rCorr   .            (no gloves)
SInv    .            (no boots)
Will    .....        (amulet unavailable)
Stlth   +            (ring unavailable)
HPRegen 0.22/turn    (ring unavailable)
MPRegen 0.08/turn    (no gizmo)

%: no passive effects
@: revved
A: off-hand wielding, slow wielding, warmup strikes, no jewellery
a: Invent Gizmo


You were on level 1 of the Dungeon.
You visited 1 branch of the dungeon, and saw 1 of its levels.

You collected 20 gold pieces.

Inventory:

Hand Weapons
 a - a +0 falchion (weapon) {Salvador}
 e - a +0 dagger (offhand) {Vikramjeet}
Missiles
 d - 7 darts of dispersal (quivered)
Armour
 b - a +0 leather armour (worn)
Scrolls
 c - a scroll of blinking
 f - a scroll of amnesia {unknown}
Potions
 g - 2 potions of heal wounds {unknown}


   Skills:
 - Level 2.0 Fighting
 + Level 2.5 Long Blades
 - Level 0.8 Throwing
 - Level 0.8 Armour
 - Level 1.7 Dodging
 - Level 1.7 Spellcasting
 - Level 3.0 Translocations


You had 3 spell levels left.
You didn't know any spells.
Your spell library contained the following spells:

 Spells                   Type           Power      Damage    Failure   Level
 Blink                    Tloc           16%        N/A       16%         2
 Lesser Beckoning         Tloc           16%        N/A       16%         2
 Teleport Other           Tloc           8%         N/A       32%         3
 Manifold Assault         Tloc           8%         N/A       71%         4
 Vhi's Electric Charge    Tloc/Air       8%         N/A       89%         4


Dungeon Overview and Level Annotations

Branches:
Dungeon (1/15)

Altars:


Innate Abilities, Weirdness & Mutations

You can wield a second weapon in your off-hand.
It takes a long time for you to wield or remove held weapons.
Your first few attacks do less damage.
You cannot equip rings or amulets.


Message History

A bat comes into view.
You closely miss the rat with your +0 falchion.
You hit the rat with your +0 dagger.
You kill the rat!
The bat misses you.
You hit the gnoll but do no damage.
You barely miss the gnoll with your +0 falchion.
The bat hits you but does no damage. The gnoll hits you with a +0 whip.
You hit the gnoll with your +0 falchion.
The gnoll is lightly wounded.
You hit the gnoll but do no damage. The bat barely misses you.
The gnoll barely misses you. The gnoll hits you with a +0 whip.
You hit the gnoll but do no damage.
The gnoll is lightly wounded.
You hit the gnoll with your +0 dagger. The bat hits you but does no damage.
The gnoll hits you with a +0 whip.
You are too injured to fight recklessly!
You are too injured to fight recklessly!
You are too injured to fight recklessly!
You are too injured to fight recklessly!
You are too injured to fight recklessly!
You are too injured to fight recklessly!
You are too injured to fight recklessly!
You are too injured to fight recklessly!
You are too injured to fight recklessly!
You are too injured to fight recklessly!
You are too injured to fight recklessly!
You are too injured to fight recklessly!
You are too injured to fight recklessly!
You are too injured to fight recklessly!
You are too injured to fight recklessly!
You hit the gnoll with your +0 falchion.
The gnoll is heavily wounded.
You closely miss the gnoll with your +0 dagger.
The bat hits you but does no damage. The gnoll hits you with a +0 whip.
You hit the gnoll with your +0 dagger.
The gnoll is severely wounded.
You completely miss the gnoll with your +0 falchion.
The bat closely misses you. The gnoll hits you with a +0 whip!
You die...

###.#### #. #.# #
# #. #.# #.#. #.#
#.#. #.# #...##
#.# #....# #.#
#..g.# #[#
#..b@###########.#
#................#
#...##############
####


You could see a gnoll and a bat.

Vanquished Creatures
  A bat (D:1)
  An endoplasm (D:1)
  A hobgoblin (D:1)
  A kobold (D:1)
  A rat (D:1)
5 creatures vanquished.

Notes
Turn   | Place    | Note
-------+----------+-------------------------------------------
     0 | D:1      | Dordric the Coglin Warper began the quest for the Orb.
     0 | D:1      | Reached XP level 1. HP: 16/16 MP: 3/3
   429 | D:1      | Slain by a gnoll

Illustrated notes

Levels and vault maps discovered:
D:1:      zelgadis_glass_arrival_small, layout_basic

Action                     || total
---------------------------++-------
  Melee: Dagger            ||    18
         Falchion          ||    17
 Armour: Leather armour    ||    15
  Dodge: Dodged            ||    13

Table legend: (Time is in decaauts)
 A = Elapsed time spent in this place.
 B = Non-inter-level travel time spent in this place.
 C = Inter-level travel time spent in this place.
 D = Time resting spent in this place.
 E = Time spent auto-exploring this place.
 F = Levels seen in this place.
 G = Mean time per level.
                   A        B        C        D        E       F      G
               +--------+--------+--------+--------+--------+-----+--------+
         Total |    430 |    430 |      0 |      0 |    391 |   1 |  430.0 |
       Dungeon |    430 |    430 |      0 |      0 |    391 |   1 |  430.0 |
               +--------+--------+--------+--------+--------+-----+--------+

Top non-repeatable levels by time:
     D:1: 430 daAuts
